 Dungeon Crawl Stone Soup version 0.27-a0-1154-gfdeffcb720 (webtiles) character file.

Game seed: 5228854446069641021

865709 Zonian the Eclecticist (level 27, -17/134 HPs)
             Began as a Vine Stalker Conjurer on May 8, 2021.
             Was the Champion of Hepliaklqana.
             Killed from afar by a Hell Sentinel (50 damage)
             ... with damnation
             ... created by the effects of Hell
             ... on level 2 of the Iron City of Dis on May 15, 2021.
             The game lasted 09:01:25 (131720 turns).

Zonian the Eclecticist (Vine Stalker Conjurer)    Turns: 131720, Time: 09:01:26

Health: -17/134    AC: 32    Str: 16    XL:     27
Magic:  0/46       EV: 26    Int: 25    God:    Hepliaklqana [******]
Gold:   7500       SH:  0    Dex: 25    Spells: 9/62 levels left

rFire    + + +     SeeInvis +   P - +3 sling "Punk" {acid, rCorr}
rCold    + + +     Faith    .   (no shield)
rNeg     + + +     Spirit   +   y - +8 ice dragon scales
rPois    .         Reflect  .   n - +3 helmet "Pujos" {rF+ Regen+}
rElec    .         Harm     .   r - +0 cloak "Byvveit" {rC+ rN++}
rCorr    +         Rampage  .   L - +1 pair of gloves of the Tanner {rF++ Str+3}
Will     +++..                  x - +2 pair of boots of the Crushed Mystics {rF++ Str+2 Slay+2 SInv}
Stlth    ++++++....             b - amulet of Moyqumn {Regen+ rCorr}
HPRegen  3.32/turn              K - ring "Dihyempe" {rN++ Dex+8 Slay+4}
MPRegen  0.30/turn              M - ring "Malank" {rF+ EV+4 Int+3 Stlth+}

@: no status effects
A: reduced essence, fangs 3, regeneration 1, magic shield, antimagic bite, no
potion heal 2, dopey 1, weak 1
}: 6/15 runes: barnacled, slimy, silver, obsidian, icy, gossamer
a: Renounce Religion, Recall Ancestor, Ancestor Identity, Transference, Idealise


You were on level 2 of the Iron City of Dis.
You worshipped Hepliaklqana.
Hepliaklqana was exalted by your worship.
You visited 15 branches of the dungeon, and saw 73 of its levels.
You also visited: Bailey.

You collected 11586 gold pieces.
You spent 4086 gold pieces at shops.

Inventory:

Hand Weapons
 i - a +5 long sword of holy wrath
 u - a +6 spectral quick blade
 z - the +7 sceptre of Asmodeus
   (You took it off Asmodeus on level 7 of Gehenna)
 I - a +9 hunting sling of freezing
 P - the +3 sling "Punk" (weapon) {acid, rCorr}
   (You found it on level 2 of the Crypt)

   It protects you from acid and corrosion.
 T - the +7 Singing Sword {vorpal, sonic wave}
   (You found it on level 4 of the Dungeon)

   It inflicts extra damage upon your enemies.
Missiles
 q - 24 curare-tipped darts
 s - 58 silver javelins
 Q - 199 sling bullets (quivered ammo)
 R - 2 boomerangs of dispersal
 Y - 16 throwing nets
Armour
 n - the +3 helmet "Pujos" (worn) {rF+ Regen+}
   (You acquired it on level 6 of the Lair of Beasts)

   It protects you from fire.
   It increases your rate of health regeneration.
 r - the +0 cloak "Byvveit" (worn) {rC+ rN++}
   (You bought it in a shop on level 1 of the Orcish Mines)

   It protects you from cold.
   It greatly protects you from negative energy.
 x - the +2 pair of boots of the Crushed Mystics (worn) {rF++ Str+2 Slay+2 SInv}
   (You acquired it on level 6 of the Dungeon)

   It affects your strength (+2).
   It affects your accuracy and damage with ranged weapons and melee attacks
   (+2).
   It greatly protects you from fire.
   It lets you see invisible.
 y - +8 ice dragon scales (worn)
 L - the +1 pair of gloves of the Tanner (worn) {rF++ Str+3}
   (You found it on level 1 of the Vaults)

   It affects your strength (+3).
   It greatly protects you from fire.
Magical Staves
 v - a staff of conjuration
Jewellery
 b - the amulet of Moyqumn (around neck) {Regen+ rCorr}
   (You found it on level 7 of Cocytus)

   [amulet of regeneration]

   It increases your rate of health regeneration.
   It protects you from acid and corrosion.
 d - a +6 ring of strength
 t - an amulet of reflection
 K - the ring "Dihyempe" (left hand) {rN++ Dex+8 Slay+4}
   (You took it off a deep elf elementalist on level 3 of the Elven Halls)

   [ring of slaying]

   It affects your dexterity (+8).
   It affects your accuracy and damage with ranged weapons and melee attacks
   (+4).
   It greatly protects you from negative energy.
 M - the ring "Malank" (right hand) {rF+ EV+4 Int+3 Stlth+}
   (You found it in a bailey)

   [ring of evasion]

   It affects your evasion (+4).
   It affects your intelligence (+3).
   It protects you from fire.
   It makes you more stealthy.
Wands
 f - a wand of acid (18)
 g - a wand of mindburst (11)
 h - a wand of iceblast (24)
 D - a wand of charming (22)
 F - a wand of digging (6)
 H - a wand of paralysis (35)
Scrolls
 w - 9 scrolls of teleportation
 A - 7 scrolls of immolation
 O - 3 scrolls of fear
 U - 2 scrolls of silence
 V - 4 scrolls of holy word
 Z - 2 scrolls of magic mapping
Potions
 c - 15 potions of curing
 e - a potion of berserk rage
 l - 9 potions of brilliance
 m - 3 potions of flight
 B - a potion of cancellation
 G - 3 potions of invisibility
 N - 11 potions of ambrosia
 X - 8 potions of lignification
Miscellaneous
 a - a lightning rod (4/4)
 k - a condenser vane
 o - the horn of Geryon
 p - a piece from Xom's chessboard (15/15)
 J - a tin of tremorstones (2/2)
 S - a box of beasts (inert)
 W - a phantom mirror (inert)


   Skills:
 - Level 17.1 Fighting
 - Level 12.0(14.5) Short Blades
 * Level 13.9(15.4) Long Blades
 - Level 1.6 Staves
 - Level 16.0 Slings
 * Level 9.2 Armour
 - Level 17.3 Dodging
 - Level 16.6 Stealth
 - Level 18.2 Spellcasting
 - Level 16.2 Conjurations
 - Level 12.0 Hexes
 - Level 11.0 Translocations
 - Level 12.9 Transmutations
 - Level 7.1 Fire Magic
 - Level 13.8 Ice Magic
 - Level 14.5 Air Magic
 - Level 13.1 Earth Magic
 - Level 8.5 Poison Magic
 - Level 12.1 Invocations
 - Level 10.5 Evocations


You had 9 spell levels left.
You knew the following spells:

 Your Spells              Type           Power      Damage    Failure   Level
a - Magic Dart            Conj           100%       1d8       0%          1
b - Searing Ray           Conj           100%       3d7       0%          2
c - Iskenderun's Mystic   Conj/Tloc      74%        2d15      1%          4
d - Dazzling Flash        Conj/Hex       100%       N/A       1%          3
e - Blink                 Tloc           N/A        N/A       1%          2
f - Mephitic Cloud        Conj/Pois/Air  73%        N/A       1%          3
g - Portal Projectile     Hex/Tloc       100%       N/A       1%          3
h - Fulminant Prism       Conj/Hex       38%        3d18      1%          4
i - Stone Arrow           Conj/Erth      100%       3d13      1%          3
j - Ignite Poison         Fire/Tmut/Pois 63%        N/A       1%          3
k - Irradiate             Conj/Tmut      38%        3d26      1%          5
l - Yara's Violent Unrav  Hex/Tmut       35%        3d14      1%          5
m - Freezing Cloud        Conj/Ice/Air   38%        6-21      2%          6
n - Iron Shot             Conj/Erth      38%        9d8       2%          6
o - Frozen Ramparts       Ice            100%       1d12      1%          3

Your spell library contained the following spells:

 Spells                   Type           Power      Damage    Failure   Level
 Apportation              Tloc           100%       N/A       1%          1
 Beastly Appendage        Tmut           100%       N/A       1%          1
 Corona                   Hex            77%        N/A       1%          1
 Sandblast                Erth           100%       2d20      1%          1
 Sting                    Tmut/Pois      100%       1d8       1%          1
 Corpse Rot               Necr/Air       N/A        N/A       1%          2
 Poisonous Vapours        Pois/Air       100%       N/A       1%          2
 Slow                     Hex            70%        N/A       1%          2
 Wereblood                Tmut           73%        N/A       1%          2
 Confusing Touch          Hex            70%        N/A       1%          3
 Conjure Flame            Conj/Fire      69%        6-21      1%          3
 Gell's Gravitas          Tloc           33%        N/A       1%          3
 Inner Flame              Hex/Fire       63%        N/A       1%          3
 Lesser Beckoning         Tloc           33%        N/A       1%          3
 Summon Guardian Golem    Hex/Summ       52%        N/A       1%          3
 Tukima's Dance           Hex            70%        N/A       1%          3
 Cause Fear               Hex            35%        N/A       1%          4
 Ice Form                 Ice/Tmut       74%        N/A       1%          4
 Leda's Liquefaction      Hex/Erth       36%        N/A       1%          4
 Petrify                  Tmut/Erth      73%        N/A       1%          4
 Hydra Form               Tmut           36%        N/A       1%          5
 Metabolic Englaciation   Hex/Ice        36%        N/A       1%          5
 Alistair's Intoxication  Tmut/Pois      44%        N/A       2%          5
 Summon Ice Beast         Ice/Summ       55%        N/A       4%          4
 Summon Lightning Spire   Summ/Air       56%        N/A       4%          4
 Animate Armour           Summ/Erth      100%       N/A       5%          4
 Animate Skeleton         Necr           44%        N/A       8%          1
 Pain                     Necr           88%        1d8       8%          1
 Summon Small Mammal      Summ           88%        N/A       8%          1
 Invisibility             Hex            70%        N/A       9%          6
 Call Imp                 Summ           22%        N/A       12%         2
 Sublimation of Blood     Necr           11%        N/A       12%         2
 Eringya's Noxious Bog    Tmut/Pois      33%        N/A       14%         6
 Summon Mana Viper        Hex/Summ       52%        N/A       19%         5
 Summon Forest            Summ/Tloc      25%        N/A       22%         5
 Ozocubu's Refrigeration  Ice            37%        4d12      22%         7
 Call Canine Familiar     Summ           22%        N/A       24%         3
 Vampiric Draining        Necr           11%        2d7       24%         3
 Simulacrum               Ice/Necr       27%        N/A       56%         6
 Animate Dead             Necr           11%        N/A       61%         4
 Agony                    Necr           22%        N/A       91%         5
 Shadow Creatures         Summ           N/A        N/A       100%        6
 Haunt                    Necr/Summ      11%        N/A       100%        7
 Malign Gateway           Summ/Tloc      25%        N/A       100%        7
 Monstrous Menagerie      Summ           11%        N/A       100%        7
 Summon Hydra             Summ           11%        N/A       100%        7
 Summon Horrible Things   Summ           11%        N/A       100%        8


Dungeon Overview and Level Annotations

Branches:
Dungeon (15/15)            Temple (0/1) D:7            Lair (6/6) D:9
 Shoals (4/4) Lair:4       Spider (4/4) Lair:4        Slime (5/5) Lair:6
    Orc (2/2) D:12            Elf (3/3) Orc:2        Vaults (5/5) D:13
  Crypt (3/3) Vaults:3       Tomb (0/3) Crypt:3      Depths (5/5) D:15
   Hell (visited)             Dis (2/7) Hell            Geh (7/7) Hell
    Coc (7/7) Hell            Tar (0/7) Hell            Zot (4/5) Depths:5
 Bailey (visited)

Altars:
Ashenzari
Dithmenos
Elyvilon
Hepliaklqana
Kikubaaqudgha
Nemelex Xobeh
Qazlal
Sif Muna
Trog
Vehumet
Wu Jian
Xom
Zin
The Shining One
Beogh
Jiyva

Shops:
D:8 *[   D:9 (   Orc:1 [   Orc:2 :*??[   Elf:2 *   Elf:3 =   Shoals:1 *
Shoals:3 *   Vaults:1 [   Vaults:4 [

Portals:
Hell: Depths:1 Depths:2 Depths:3 Depths:4 Depths:5
Pandemonium: Depths:3
Ziggurat: Depths:2

Annotations:
D:2 1 runed translucent door, 1 exclusion, Crazy Yiuf
Shoals:2 exclusion: oklob plant
Elf:1 Roxanne
Crypt:3 1 runed translucent door, Houmnergh's ghost, master GnTm
Depths:5 exclusion: orange crystal statue
Zot:4 1 transporter, 3 runed translucent doors, reriks's ghost, legendary OpFE


Innate Abilities, Weirdness & Mutations

Your life essence is reduced to manifest your ancestor. (-10% HP)
You have razor-sharp teeth.
Your natural rate of healing is unusually fast.
When hurt, damage is shared between your health and your magic reserves.
Your bite disrupts and absorbs the magic of your enemies.
Potions cannot restore your health.
You are dopey. (Int -2)
You are weak. (Str -2)


Message History

The mirror clouds!
The ancient champion gestures at you while chanting.
The iron shot hits your Hell Sentinel!!
Your Hell Sentinel hits the ancient champion.
Your Hell Sentinel hits the ancient champion but does no damage.
You open the lid... ...and a mature fireox beast leaps out!
The box is emptied!
The ancient champion hits your Hell Sentinel but does no damage.
The iron giant fires a harpoon shot at you.
The harpoon shot misses you. The hell hound closely misses you.
Your Hell Sentinel hits the ancient champion!
Your Hell Sentinel hits the ancient champion but does no damage.
The hell hound bites you but does no damage.
The hell hound barely misses you.
The iron giant throws the Hell Sentinel at you!
* * * LOW HITPOINT WARNING * * *
Your Hell Sentinel gestures at the ancient champion.
The sphere of damnation explodes!
The damnation engulfs the ancient champion!!
The damnation engulfs your Hell Sentinel.
Your Hell Sentinel completely resists.
The damnation engulfs the ancient champion!
Your mature fireox beast misses the hell hound.
Your mature fireox beast barely misses the hell hound.
Found a gateway to Hell.
Okay, then.
Casting: Blink (safe; 1% risk of failure)
Confirm with . or Enter, or press ? or * to list all spells.
Okay, then.
Casting: Blink (safe; 1% risk of failure)
Confirm with . or Enter, or press ? or * to list all spells.
You blink.
The hell hound bites your mature fireox beast but does no damage.
The hell hound breathes flames at you.
The blast of flame hits your mature fireox beast!
Your mature fireox beast resists.
The blast of flame hits the Hell Sentinel.
The Hell Sentinel completely resists.
The Hell Sentinel gestures at you.
The sphere of damnation explodes!
The damnation engulfs you!!!
You die...

#....#.....#.....#.....#.#)......
#....#....>#.....#.....#.#.......
#....#.....#.....#.....#########'
#....#...§.#.....#...... ........
######...§.#######...... ........
.........§.............. ........
.....§§§................ ........
...§§§§§§............... ........
....§§§§§§......@....... ........
...§§§§§§§.............. .######.
...§§§§§§§.............. #.
.....§1z.........∩...... #.
.(......zhH1............ #.
..(...C..h§............. #.
......................>. +.
........................ #.
..................


You could see a Hell Sentinel, 2 hell hounds and a friendly mature fireox beast
(summoned).

Vanquished Creatures
  Antaeus (Coc:7)
  the Royal Jelly (Slime:5)
  Mara (Crypt:3)
  An ancient lich (Vaults:4)
  An orb of fire (Zot:3)
  Mennas (Vaults:4)
  A juggernaut (Depths:5)
  Boris (Crypt:2)
  4 shard shrikes
  Frederick (Depths:5)
  Saint Roka (Vaults:2)
  The ghost of Wimurch the Peltast, a veteran GnFi of Qazlal (Vaults:1)
  2 Killer Klowns
  Geryon (Hell)
  4 bone dragons
  5 golden dragons
  6 Brimstone Fiends
  The ghost of Fatomn Gasoa the Warrior, an adept HOHu of Okawaru (Shoals:2)
  2 electric golems
  A hellephant (Crypt:2)
  12 tentacled monstrosities
  Rupert (Lair:6)
  An iron giant (Dis:2)
  11 liches
  9 Ice Fiends
  3 deep elf blademasters
  Asterion (Depths:1)
  A titan (Vaults:4)
  6 quicksilver dragons
  9 acid blobs
  10 death cobs
  A kraken (Shoals:3)
  5 ancient champions
  Kirke (D:15)
  5 tengu reavers
  9 storm dragons
  5 shadow dragons
  2 revenants
  4 azure jellies (Slime:5)
  2 draconian monks
  4 rockslimes (Slime:5)
  7 fire giants
  8 frost giants
  Louise (Spider:3)
  8 deep elf sorcerers
  3 draconian knights
  A draconian scorcher (Zot:4)
  2 iron dragons
  7 balrugs
  4 ghost moths
  6 vault wardens
  3 cacodemons
  2 emperor scorpions (Spider:4)
  10 ghouls
  3 orc warlords
  2 draconian shifters
  9 ironbound preservers
  4 deep elf elementalists (Elf:3)
  A caustic shrike skeleton (Crypt:3)
  A draconian stormcaller (Depths:5)
  A draconian annihilator (Zot:2)
  A curse skull (Crypt:3)
  4 spriggan defenders
  12 reapers
  2 quicksilver oozes
  21 very ugly things
  A war gargoyle (Vaults:5)
  19 stone giants
  A lorocyproca (Depths:5)
  5 green draconians
  3 vampire knights
  6 deep elf demonologists
  5 deep elf annihilators
  7 red draconians
  4 black draconians
  4 spark wasps
  7 purple draconians
  3 entropy weavers
  A dire elephant (shapeshifter) (Vaults:5)
  5 dire elephants
  7 deep elf death magi
  7 blizzard demons
  6 white draconians
  7 ettins
  12 fire dragons
  4 merfolk impalers (Shoals:4)
  11 yaktaur captains
  4 merfolk javelineers
  12 great orbs of eyes
  A kraken zombie (Coc:4)
  5 jiangshi
  A quicksilver dragon zombie (Coc:5)
  9 deep elf high priests
  7 ironbound thunderhulks
  4 peacekeepers
  20 vault guards
  3 rakshasas
  4 quicksilver dragon skeletons
  3 spriggan air magi
  A merfolk avatar (Shoals:3)
  2 merfolk aquamancers (Shoals:4)
  7 hydras
  2 boulder beetles
  19 ice dragons
  3 ogre magi
  A fenstrider witch skeleton (Crypt:2)
  8 two-headed ogres
  7 centaur warriors
  7 ironbound frosthearts
  5 death yaks (Lair:6)
  6 deep troll shamans
  18 dancing weapons
  2 satyrs
  19 hell hogs
  3 ironbound beastmasters
  7 deep troll earth magi
  6 vampire magi
  6 spriggan berserkers
  Urug (Lair:6)
  3 titan zombies
  3 tengu warriors
  Sonja (D:13)
  3 orc high priests
  9 deep elf knights
  36 hell knights
  4 storm dragon zombies
  9 titan skeletons
  9 sun demons
  47 skeletal warriors
  2 spriggans (Depths:4)
  7 soul eaters
  3 shadow wraiths
  An iron troll (Depths:3)
  3 sixfirhies
  2 golden dragon zombies
  Nergalle (Lair:2)
  5 anaconda zombies
  25 deep trolls
  5 sea snakes
  2 bog bodies (Crypt:1)
  8 flayed ghosts
  10 wizards
  4 orc knights
  11 deep elf archers
  4 glowing orange brains
  12 ironbound convokers
  A lindwurm (shapeshifter) (Vaults:5)
  5 anaconda skeletons
  2 shadow dragon zombies
  3 lindwurms (Vaults:1)
  A tengu zombie (Depths:2)
  22 deep elf pyromancers
  17 necromancers
  11 wolf spiders
  21 harpies
  3 orb spiders (Spider:4)
  5 wolf spider zombies
  22 deep elf zephyrmancers
  5 phantasmal warriors
  A shadow dragon skeleton (Geh:2)
  2 iron dragon zombies
  6 shining eyes
  An oklob plant (Lair:1)
  A sphinx skeleton (Crypt:2)
  A faun (shapeshifter) (Vaults:5)
  7 fauns
  2 golden dragon skeletons
  10 manticores
  2 tengu skeletons
  3 orc sorcerers
  11 elephants
  2 cyclopes
  2 frost giant zombies
  5 fire giant zombies
  An iron dragon skeleton (Coc:1)
  A moth of wrath (shapeshifter) (Depths:4)
  32 ugly things
  2 merfolk sirens
  19 moths of wrath
  A stone giant zombie (Geh:7)
  2 salamanders
  4 water nymphs
  2 ice statues (Hell)
  2 stone giant skeletons (Crypt:3)
  3 dire elephant zombies
  5 frost giant skeletons
  6 rust devils
  8 black mambas
  A fire giant skeleton (Coc:3)
  8 molten gargoyles
  7 smoke demons
  5 vault sentinels
  2 orange demons (Hell)
  4 torpor snails
  9 cane toads
  A shock serpent skeleton (Geh:4)
  2 emperor scorpion zombies
  A red draconian zombie (Crypt:1)
  2 storm dragon simulacra (Coc:7)
  An eye of devastation (Slime:5)
  18 hellions
  Maggie (D:6)
  2 dire elephant skeletons
  A minotaur zombie (Geh:7)
  4 efreet
  A kobold demonologist (D:14)
  3 rime drakes
  12 tormentors
  A yaktaur (shapeshifter) (D:13)
  A catoblepas skeleton (Geh:3)
  2 demonic crawlers
  A grey draconian skeleton (Crypt:2)
  2 harpy zombies
  14 freezing wraiths
  7 komodo dragons
  2 anaconda simulacra
  15 ice devils
  A yellow draconian skeleton (Crypt:1)
  5 tengu conjurers
  15 hydra zombies
  11 red devils
  17 jumping spiders
  15 yaktaurs
  A queen bee (Lair:4)
  7 merfolk
  A wolf spider simulacrum (Coc:5)
  5 trolls
  2 wind drakes
  A snapping turtle (Shoals:1)
  6 meliai
  6 hornets
  4 polar bears
  Grinder (D:4)
  3 fire dragon zombies
  5 ettin zombies
  4 harpy skeletons
  A dream sheep (shapeshifter) (Vaults:4)
  23 slime creatures
  A death drake skeleton (Crypt:3)
  A satyr zombie (Crypt:2)
  9 hydra skeletons
  2 ice dragon zombies
  13 blink frogs
  5 alligator zombies
  7 dream sheep
  69 flying skulls
  17 water elementals
  A fire dragon skeleton (Geh:5)
  6 tarantellas
  3 ettin skeletons
  An alligator skeleton (Hell)
  6 ice dragon skeletons
  33 redbacks
  15 shadows
  17 fire elementals
  2 hogs (D:15)
  2 fire bats (Geh:4)
  16 wraiths
  6 wyverns
  30 yaks
  6 golden eyes
  5 basilisks
  2 black mamba skeletons (Crypt:1)
  A fire bat (shapeshifter) (D:13)
  A catoblepas simulacrum (Crypt:1)
  A human (shapeshifter) (D:13)
  Menkaure (D:4)
  4 vampire mosquitoes
  A torturous demonspawn zombie (Coc:6)
  15 water moccasins
  3 cane toad zombies
  4 hydra simulacra
  A floating eye (Depths:3)
  35 hell hounds
  9 orc warriors
  A merfolk skeleton (Crypt:3)
  Duvessa (D:4)
  3 black bears
  3 ettin simulacra (Depths:4)
  A manticore zombie (Geh:7)
  An alligator simulacrum (Coc:3)
  2 swamp dragon zombies
  3 cane toad skeletons
  5 ice beasts
  14 ogres
  A spriggan simulacrum (Depths:2)
  9 necrophages
  6 centaurs
  6 wolves
  5 phantoms
  5 snapping turtle skeletons
  3 elf zombies
  A kobold brigand (D:3)
  12 bullfrogs
  6 gnoll sergeants
  A merfolk simulacrum (Coc:2)
  An elf skeleton (Crypt:3)
  A wyvern skeleton (Crypt:1)
  A cane toad simulacrum (Coc:3)
  9 scorpions
  A warg zombie (Crypt:2)
  Dowan (D:4)
  2 water moccasin skeletons (D:5)
  77 wights
  47 killer bees
  3 electric eels
  7 howler monkeys
  5 crimson imps (Geh:7)
  2 human zombies
  A bullfrog zombie (D:6)
  3 gnoll shamans
  3 iron imps
  5 hounds
  A jelly (D:7)
  A black bear zombie (Crypt:2)
  3 centaur zombies
  11 orc priests
  A centaur skeleton (D:5)
  2 human skeletons
  An iguana (D:4)
  12 orc wizards
  6 hell rats
  2 naga skeletons
  A mummy (Dis:2)
  19 gnolls
  11 river rats
  8 adders
  13 white imps
  An ufetubus (D:5)
  2 dart slugs
  32 orcs
  10 ball pythons
  8 endoplasms
  5 giant cockroaches
  12 goblins
  8 hobgoblins
  7 jackals
  12 kobolds
  4 quokkas
  16 bats
  3 frilled lizards
  A kobold skeleton (Crypt:3)
  An orc skeleton (Crypt:1)
  15 rats
  A tentacle (Shoals:3)
2184 creatures vanquished.

Vanquished Creatures (collateral kills)
  Asmodeus (Geh:7)
  An ancient lich (Vaults:5)
  A dread lich (Vaults:5)
  Sojobo (Crypt:1)
  4 shard shrikes
  A Killer Klown (Zot:4)
  Xtahua (Crypt:3)
  9 golden dragons
  Jory (Crypt:3)
  3 bone dragons
  8 Brimstone Fiends
  Jorgrun (D:13)
  2 hellephants (Crypt:2)
  5 Ice Fiends
  4 liches
  2 deep elf blademasters (Elf:3)
  11 acid blobs (Slime:5)
  3 titans (Vaults:5)
  4 tentacled monstrosities
  A deep elf master archer (Elf:3)
  2 quicksilver dragons
  4 ancient champions
  3 sphinxes
  4 death cobs
  An Executioner (Dis:1)
  5 storm dragons
  A shadow dragon (Vaults:5)
  A tengu reaver (Crypt:1)
  5 draconian monks
  A revenant (Hell)
  A rockslime (Slime:3)
  An azure jelly (shapeshifter) (Vaults:5)
  7 azure jellies
  4 fire giants
  4 draconian knights
  Aizul (Spider:2)
  8 frost giants
  5 deep elf sorcerers (Elf:3)
  3 draconian scorchers
  4 ghost moths
  5 vault wardens
  An orc warlord (Vaults:3)
  3 draconian shifters
  A deep elf elementalist (Elf:3)
  5 balrugs
  2 emperor scorpions (Spider:4)
  6 quicksilver oozes
  A draconian stormcaller (Zot:4)
  5 ghouls
  A caustic shrike skeleton (Crypt:3)
  A draconian annihilator (Zot:1)
  3 elemental wellsprings
  11 ironbound preservers
  11 very ugly things
  7 reapers
  2 war gargoyles (Vaults:2)
  3 black draconians
  5 stone giants
  Azrael (D:14)
  2 green draconians
  An entropy weaver (Spider:1)
  A deep elf annihilator (Elf:3)
  4 purple draconians
  4 red draconians
  4 white draconians
  6 yellow draconians
  2 spark wasps
  5 deep elf death magi
  3 blizzard demons
  3 eidola
  5 merfolk javelineers
  8 ettins
  3 crystal guardians (Vaults:2)
  2 fire dragons
  3 quicksilver dragon zombies
  4 merfolk impalers
  A kraken zombie (Coc:1)
  2 deep elf high priests (Elf:3)
  3 yaktaur captains
  3 ironbound thunderhulks
  3 hydras
  9 ice dragons
  5 great orbs of eyes
  5 boulder beetles
  2 peacekeepers (Vaults:2)
  A fenstrider witch zombie (Crypt:3)
  An ogre mage (Orc:2)
  2 rakshasas (Depths:1)
  3 catoblepae
  11 vault guards
  A hell beast (Dis:1)
  A death knight (Crypt:3)
  4 ironbound frosthearts
  8 two-headed ogres
  A quicksilver dragon skeleton (Geh:2)
  A centaur warrior (Vaults:3)
  8 dancing weapons
  A tengu warrior (D:15)
  2 merfolk aquamancers
  A satyr (Shoals:2)
  10 hell hogs
  2 deep troll shamans
  3 deep troll earth magi
  2 titan zombies
  2 vampire magi (Crypt:1)
  A death yak (Lair:6)
  3 ironbound beastmasters
  5 titan skeletons
  A storm dragon zombie (Coc:3)
  5 deep elf knights
  34 hell knights
  10 sun demons
  35 skeletal warriors
  2 storm dragon skeletons
  An iron troll (Depths:1)
  A shadow wraith (Vaults:1)
  4 sea snakes
  3 anaconda zombies
  A ghost moth zombie (Coc:5)
  A glowing orange brain (Depths:5)
  2 golden dragon zombies
  5 flayed ghosts
  5 phantasmal warriors
  41 deep trolls
  3 deep elf archers
  2 bog bodies (Crypt:1)
  8 lindwurms
  6 wizards
  9 orc knights
  9 deep elf pyromancers
  An anaconda skeleton (Geh:2)
  7 harpies
  A shadow dragon skeleton (Geh:5)
  11 deep elf zephyrmancers
  2 necromancers
  8 fauns
  A fire giant zombie (Coc:3)
  3 wolf spider zombies
  5 ironbound convokers
  9 manticores
  2 frost giant zombies
  7 orb spiders
  18 ugly things
  12 wolf spiders
  3 stone giant skeletons
  4 frost giant skeletons
  2 cyclopes (Orc:2)
  2 centaur zombies (D:12)
  3 merfolk sirens
  A black mamba (Lair:6)
  2 iron dragon skeletons
  5 moths of wrath
  2 rust devils (Dis:2)
  A shock serpent zombie (Crypt:1)
  A spectral centaur (D:12)
  3 titan simulacra (Coc:7)
  5 smoke demons
  5 molten gargoyles
  10 vault sentinels
  A torpor snail (Spider:4)
  An eye of devastation (Slime:5)
  3 fire giant skeletons
  4 water nymphs
  6 elephants
  9 cane toads
  A dire elephant skeleton (Geh:3)
  A gargoyle (D:13)
  A centaur skeleton (D:12)
  6 hellions
  4 kobold demonologists (D:14)
  12 yaktaurs
  2 anaconda simulacra
  2 tengu conjurers
  6 tormentors
  2 komodo dragons
  7 ice devils
  8 freezing wraiths
  A harpy zombie (Geh:4)
  7 demonic crawlers
  12 red devils
  6 trolls (Orc:2)
  16 merfolk
  A harpy skeleton (Geh:5)
  7 hydra zombies
  A queen bee (Lair:3)
  2 wind drakes
  A polar bear (Lair:6)
  12 jumping spiders
  7 hornets
  2 alligator zombies
  3 snapping turtles
  32 slime creatures
  A meliai zombie (D:15)
  9 blink frogs
  3 ice dragon zombies
  3 ettin zombies
  A fire dragon zombie (Crypt:1)
  12 dream sheep
  3 alligator skeletons
  7 hydra skeletons
  8 shadows
  2 air elementals
  2 ettin skeletons
  24 flying skulls
  An ice dragon skeleton (Coc:7)
  A wyvern (shapeshifter) (D:15)
  2 fire dragon skeletons
  A spriggan (Depths:4)
  11 tarantellas
  10 water elementals
  16 wraiths
  34 redbacks
  3 wyverns
  A dire elephant simulacrum (Coc:7)
  2 black mamba skeletons
  3 hogs (D:15)
  3 vampire mosquitoes
  20 yaks
  2 golden eyes (Slime:2)
  2 steam dragons
  10 fire elementals
  A catoblepas simulacrum (Coc:5)
  A basilisk (Lair:3)
  2 wargs
  A merfolk zombie (Geh:4)
  An acid dragon (D:11)
  A floating eye (Depths:3)
  12 hell hounds
  6 water moccasins
  4 cane toad zombies
  2 manticore zombies
  3 necrophages
  13 orc warriors
  5 ice beasts
  A black bear (Lair:3)
  2 cane toad skeletons (Coc:3)
  An elf simulacrum (Vaults:3)
  A snapping turtle zombie (Coc:5)
  2 alligator simulacra
  2 centaurs
  8 ogres (Orc:2)
  2 swamp dragon skeletons
  2 snapping turtle skeletons
  A kobold brigand (Depths:4)
  A hog skeleton (Crypt:3)
  4 bullfrogs
  An earth elemental (Elf:1)
  3 gnoll sergeants (Bailey)
  2 human skeletons
  A scorpion (D:9)
  23 killer bees
  A yak skeleton (Crypt:3)
  A howler monkey (D:12)
  26 wights
  An electric eel (Spider:4)
  3 crimson imps
  2 orc priests (Orc:1)
  4 gnoll shamans (Bailey)
  4 orc wizards (Orc:1)
  A scorpion zombie (Crypt:3)
  3 hell rats
  2 mummies
  3 gnolls
  2 river rats (Lair:3)
  6 white imps
  A halfling zombie (Crypt:3)
  14 orcs
  An endoplasm (D:1)
  A kobold (D:14)
  An orc skeleton (Coc:1)
  2 tentacles (Shoals:3)
1265 creatures vanquished.

Vanquished Creatures (others)
  A deep elf master archer (Elf:3)
  A draconian knight (Zot:3)
  4 elemental wellsprings
  A deep elf high priest (Elf:3)
  3 yaktaur captains (Vaults:5)
  A merfolk aquamancer (Shoals:4)
  A hell hog (Geh:4)
  2 deep elf knights (Elf:1)
  2 deep elf archers (Elf:2)
  2 deep elf pyromancers (Elf:1)
  A wizard (Vaults:4)
  A necromancer (Geh:7)
  2 smoke demons (Depths:3)
  A freezing wraith (Coc:6)
  2 flying skulls (Geh:3)
  A water elemental (Elf:2)
  2 wraiths (Coc:5)
  2 hell hounds
  3 wights
  4 ancestors
  40 knights
  A bush (Lair:6)
  10 fulminant prisms
  113 fungi
  256 plants
  8 tentacles (Shoals:3)
  A withered plant (D:15)
466 creatures vanquished.

Grand Total: 3915 creatures vanquished

Notes
Turn   | Place    | Note
-------+----------+-------------------------------------------
     0 | D:1      | Zonian the Vine Stalker Conjurer began the quest for the
                  | Orb.
     0 | D:1      | Reached XP level 1. HP: 9/9 MP: 4/4
     1 | D:1      | Found a runed translucent door.
   214 | D:1      | Reached XP level 2. HP: 13/13 MP: 3/6
   408 | D:1      | Found a faded altar of an unknown god.
   929 | D:1      | Reached XP level 3. HP: 16/16 MP: 2/7
  2771 | D:2      | Gained mutation: Your natural rate of healing is unusually
                  | fast. [Vine Stalker growth]
  2771 | D:2      | Reached XP level 4. HP: 21/21 MP: 6/9
  2958 | D:2      | Reached skill level 5 in Conjurations
  3223 | D:2      | Reached skill level 3 in Spellcasting
  3300 | D:2      | Found a runed translucent door.
  3301 | D:2      | Noticed Crazy Yiuf
  4148 | D:3      | Learned a level 2 spell: Searing Ray
  4237 | D:3      | Reached XP level 5. HP: 24/24 MP: 5/10
  4866 | D:3      | Noticed a kobold brigand
  4879 | D:3      | Killed a kobold brigand
  4880 | D:3      | Reached skill level 1 in Evocations
  4880 | D:3      | Reached XP level 6. HP: 12/28 MP: 0/12
  6152 | D:4      | Learned a level 4 spell: Iskenderun's Mystic Blast
  6214 | D:4      | Noticed Duvessa
  6216 | D:4      | Noticed Dowan
  6220 | D:4      | Killed Dowan
  6221 | D:4      | Reached XP level 7. HP: 30/32 MP: 10/13
  6223 | D:4      | Killed Duvessa
  6224 | D:4      | Reached skill level 4 in Spellcasting
  6224 | D:4      | Reached skill level 1 in Translocations
  6661 | D:4      | Noticed Menkaure
  6667 | D:4      | Killed Menkaure
  6668 | D:4      | Reached skill level 5 in Stealth
  6787 | D:4      | Noticed Grinder
  7268 | D:4      | Paralysed by Grinder for 3 turns
  7277 | D:4      | Found a bloodstained altar of Trog.
  7296 | D:4      | Killed Grinder
  7297 | D:4      | Gained mutation: You have razor-sharp teeth. [Vine Stalker
                  | growth]
  7297 | D:4      | Reached XP level 8. HP: 25/36 MP: 1/15
  8240 | D:4      | Found the +7 Singing Sword {vorpal, sonic wave}
  8476 | D:4      | Found an ornate altar of the Wu Jian Council.
  8627 | D:5      | Entered Level 5 of the Dungeon
  8628 | D:5      | Identified a scroll of acquirement
  8628 | D:5      | Acquired a ring of magical power
  9088 | D:5      | Reached skill level 5 in Spellcasting
  9737 | D:5      | Reached XP level 9. HP: 36/39 MP: 17/17
 10132 | D:5      | Found a sparkling altar of Nemelex Xobeh.
 10136 | D:5      | Found a radiant altar of Vehumet.
 10145 | D:5      | Found a hazy altar of Hepliaklqana.
 10149 | D:5      | Became a worshipper of Hepliaklqana the Forgotten
 10751 | D:6      | Acquired the +9 staff of Wucad Mu {*channel}
 10752 | D:6      | Found the +9 staff of Wucad Mu {*channel}
 10753 | D:6      | Acquired the +2 pair of boots of the Crushed Mystics {rF++
                  | Str+2 Slay+2 SInv}
 11704 | D:6      | Reached skill level 1 in Invocations
 12144 | D:6      | Noticed Maggie
 12153 | D:6      | Killed Maggie
 12322 | D:6      | Found a glowing silver altar of Zin.
 12401 | D:6      | Identified the +2 falchion "Cuump" {pain, *Slow rC++ Dex+5}
 13126 | D:7      | Reached * piety under Hepliaklqana
 13157 | D:7      | Reached skill level 5 in Evocations
 13157 | D:7      | Reached XP level 10. HP: 39/39 MP: 19/19
 13160 | D:7      | Reached skill level 6 in Spellcasting
 13164 | D:7      | Found a staircase to the Ecumenical Temple.
 13254 | D:7      | Found a shadowy altar of Dithmenos.
 14194 | D:8      | Found Zemaren's Assorted Antiques.
 14203 | D:8      | Bought a scroll labelled RIFIPH HAGOSAE for 24 gold pieces
 14203 | D:8      | Bought an orange potion for 21 gold pieces
 14203 | D:8      | Bought a worn lead wand for 96 gold pieces
 14829 | D:8      | Found Qomooh's Armour Emporium.
 14919 | D:8      | Reached skill level 5 in Dodging
 15416 | D:9      | Noticed a two-headed ogre
 15434 | D:9      | Killed a two-headed ogre
 15435 | D:9      | Reached skill level 5 in Translocations
 15549 | D:9      | Found Taboptir's Antique Weapon Boutique.
 15558 | D:9      | Bought a bloodstained hunting sling for 182 gold pieces
 15558 | D:9      | Identified the +4 hunting sling of the Shimmering Rat
                  | {freeze, Str+4} (You bought it in a shop on level 9 of the
                  | Dungeon)
 15689 | D:9      | Noticed a two-headed ogre
 15697 | D:9      | Killed a two-headed ogre
 15851 | D:9      | Reached XP level 11. HP: 32/42 MP: 14/22
 16019 | D:9      | Reached skill level 7 in Spellcasting
 16024 | D:9      | Reached ** piety under Hepliaklqana
 16025 | D:9      | Remembered your ancestor Pepe as a knight
 16333 | D:9      | Found a staircase to the Lair.
 16530 | D:10     | Entered Level 10 of the Dungeon
 16547 | Lair:1   | Entered Level 1 of the Lair of Beasts
 16581 | Lair:1   | Noticed an oklob plant
 16818 | Lair:1   | Killed an oklob plant
 16825 | Lair:1   | Identified the +1 robe of Fedhas's Envy {Harm rN++ Will+
                  | rCorr Stlth-}
 17608 | Lair:1   | Noticed a six-headed hydra
 17616 | Lair:1   | Killed a six-headed hydra
 17617 | Lair:1   | Reached skill level 5 in Invocations
 18475 | Lair:2   | Noticed Nergalle
 18485 | Lair:2   | Killed Nergalle
 18734 | Lair:2   | Reached XP level 12. HP: 45/45 MP: 24/24
 18778 | Lair:2   | Reached skill level 10 in Stealth
 18810 | Lair:2   | Reached skill level 8 in Spellcasting
 19527 | Lair:2   | Found an ornate altar of the Wu Jian Council.
 20026 | Lair:2   | Noticed a boulder beetle
 20041 | Lair:2   | Killed a boulder beetle
 20748 | Lair:3   | Noticed an eight-headed hydra
 20946 | Lair:3   | Killed an eight-headed hydra
 21405 | Lair:2   | Learned a level 3 spell: Dazzling Flash
 21622 | Lair:3   | Reached skill level 1 in Hexes
 22660 | Lair:3   | Reached *** piety under Hepliaklqana
 22738 | Lair:3   | Noticed a five-headed hydra
 23763 | Lair:3   | Reached XP level 13. HP: 49/49 MP: 26/26
 23835 | Lair:3   | Reached skill level 9 in Spellcasting
 24033 | Lair:3   | Reached skill level 10 in Conjurations
 25810 | Lair:4   | Reached skill level 1 in Staves
 26162 | Lair:4   | Found a hole to the Spider Nest.
 27587 | Lair:4   | Found a staircase to the Shoals.
 27801 | Lair:4   | Reached XP level 14. HP: 44/53 MP: 18/28
 28521 | D:8      | Bought a lightning rod (4/4) for 720 gold pieces
 29050 | Lair:5   | Reached **** piety under Hepliaklqana
 29084 | Lair:5   | You fall into a shaft and drop 1 floor!
 29084 | Lair:6   | Entered Level 6 of the Lair of Beasts
 29084 | Lair:6   | Found a staircase to the Slime Pits.
 29084 | Lair:6   | Found a viscous altar of Jiyva.
 29525 | Lair:5   | Reached skill level 5 in Hexes
 30487 | Lair:6   | Reached skill level 10 in Spellcasting
 32064 | Lair:6   | Noticed Rupert
 33233 | Lair:6   | Noticed Urug
 33241 | Lair:6   | Killed Urug
 33866 | Lair:6   | Paralysed by Rupert for 3 turns
 33871 | Lair:6   | Killed Rupert
 34249 | Lair:6   | Acquired the +3 helmet "Pujos" {rF+ Regen+}
 34745 | Lair:6   | Reached XP level 15. HP: 56/56 MP: 30/30
 35661 | D:10     | Found a glowing golden altar of the Shining One.
 36382 | D:10     | Reached skill level 10 in Translocations
 37585 | D:11     | Identified the +6 rapier of Sloth {antimagic, Will++ Str-5}
 37850 | D:11     | Learned a level 2 spell: Blink
 37854 | D:11     | Learned a level 3 spell: Mephitic Cloud
 37884 | D:11     | Reached ***** piety under Hepliaklqana
 38330 | D:12     | Reached skill level 1 in Slings
 38773 | D:12     | Found a staircase to the Orcish Mines.
 39878 | D:13     | Noticed Jorgrun
 39926 | D:13     | Found a flagged portal.
 39943 | Bailey   | Entered a bailey
 40582 | Bailey   | Reached skill level 1 in Poison Magic
 40603 | Bailey   | Identified the ring "Malank" {rF+ EV+4 Int+3 Stlth+}
 41043 | D:13     | Reached skill level 1 in Air Magic
 41149 | D:13     | Found a gate to the Vaults.
 41196 | D:13     | Noticed Sonja
 41199 | D:13     | Killed Sonja
 42139 | D:13     | Learned a level 3 spell: Portal Projectile
 43024 | D:14     | Identified the +9 war axe of Exquisite Death {vorpal, rN+
                  | Int-5 Dex+2 SInv}
 43090 | D:14     | Noticed Azrael
 43103 | D:14     | Killed Azrael
 43858 | D:15     | Entered Level 15 of the Dungeon
 44268 | D:15     | Found a broken altar of Ashenzari.
 44294 | D:15     | Noticed a ghoul
 44319 | D:15     | Killed a ghoul
 44320 | D:15     | Reached skill level 11 in Spellcasting
 44321 | D:15     | Reached XP level 16. HP: 39/60 MP: 5/32
 45459 | D:15     | Noticed Kirke
 45499 | D:15     | Reached skill level 10 in Invocations
 45500 | D:15     | Killed Kirke
 45909 | D:15     | Found a staircase to the Depths.
 46213 | Orc:1    | Entered Level 1 of the Orcish Mines
 46991 | Orc:1    | Found Pamoz's Antique Armour Shop.
 47428 | Orc:2    | Entered Level 2 of the Orcish Mines
 47456 | Orc:2    | Found Todid's Book Emporium.
 48019 | Orc:2    | Found Caaptuw's Magic Scroll Boutique.
 48021 | Orc:2    | Found Toate's General Store.
 48034 | Orc:2    | Found Plog's Antique Armour Shoppe.
 48039 | Orc:2    | Found Kastowah's Magic Scroll Emporium.
 48060 | Orc:2    | Bought a potion of haste for 100 gold pieces
 48066 | Orc:2    | Bought a scroll of fear for 52 gold pieces
 48066 | Orc:2    | Bought a scroll of teleportation for 45 gold pieces
 48066 | Orc:2    | Bought a scroll of teleportation for 45 gold pieces
 48079 | Orc:2    | Bought a scroll of fog for 26 gold pieces
 48079 | Orc:2    | Bought a scroll of blinking for 97 gold pieces
 48243 | Orc:2    | Bought a scroll of enchant armour for 112 gold pieces
 48243 | Orc:2    | Bought a scroll of enchant armour for 112 gold pieces
 48440 | Orc:2    | Found a staircase to the Elven Halls.
 48549 | Orc:2    | Bought 14 sling bullets for 70 gold pieces
 49066 | Spider:1 | Entered Level 1 of the Spider Nest
 49597 | Spider:1 | Reached XP level 17. HP: 63/63 MP: 33/33
 50156 | Spider:2 | Reached skill level 1 in Fighting
 50595 | Spider:2 | Reached skill level 1 in Short Blades
 51709 | Spider:3 | Noticed Louise
 51719 | Spider:3 | Killed Louise
 52054 | Spider:3 | Noticed Aizul
 52055 | Spider:3 | Reached skill level 10 in Dodging
 52242 | Spider:2 | Killed Aizul
 52243 | Spider:2 | Reached skill level 5 in Slings
 52898 | Spider:4 | Entered Level 4 of the Spider Nest
 55112 | Spider:4 | Reached skill level 15 in Stealth
 56611 | Spider:4 | Reached XP level 18. HP: 56/72 MP: 5/34
 57504 | Spider:4 | Got a gossamer rune of Zot
 58143 | Elf:1    | Entered Level 1 of the Elven Halls
 59379 | Elf:1    | Identified Sif Muna's Incunabulum of Companions
 60677 | Elf:1    | Reached skill level 10 in Evocations
 60815 | Elf:1    | Identified Roxanne's Guide on Shape Shifting
 60815 | Elf:1    | Noticed Roxanne
 61079 | Shoals:1 | Entered Level 1 of the Shoals
 61210 | Shoals:1 | Reached skill level 5 in Fighting
 61514 | Shoals:1 | Reached skill level 5 in Short Blades
 61550 | Shoals:1 | Found Cauxt's Assorted Antiques.
 63596 | Shoals:2 | Found a runed translucent gate.
 63596 | Shoals:2 | Found a runed translucent gate.
 63596 | Shoals:2 | Found a runed translucent gate.
 63600 | Shoals:2 | Noticed Fatomn Gasoa's ghost (adept HOHu)
 63796 | Shoals:2 | Reached XP level 19. HP: 79/79 MP: 29/35
 63878 | Shoals:2 | Identified the +2 great mace "Guuschocza" {holy, rCorr}
 64087 | Shoals:3 | Found Xulaz's Assorted Antiques.
 64146 | Shoals:3 | Bought a glowing silver ring for 125 gold pieces
 64146 | Shoals:3 | Bought a fuming black potion for 22 gold pieces
 64146 | Shoals:3 | Bought a scroll of magic mapping for 87 gold pieces
 64355 | Shoals:3 | Reached ****** piety under Hepliaklqana
 65469 | Shoals:4 | Entered Level 4 of the Shoals
 65611 | Shoals:4 | Identified the +6 great sword "Mipil Nuutt" {drain, rC++
                  | Dex-4}
 65704 | Shoals:4 | HP: 1/81 [merfolk javelineer/silver javelin (4)]
 66015 | Shoals:4 | Identified the +0 scale mail of Paranoia {rElec rN+}
 66484 | Shoals:4 | Got a barnacled rune of Zot
 67221 | Lair:4   | Learned a level 4 spell: Fulminant Prism
 67924 | Elf:2    | Found a ruined gateway.
 67977 | Elf:2    | Found Juffon's Assorted Antiques.
 67990 | Elf:2    | Bought an ebony rapier for 243 gold pieces
 67990 | Elf:2    | Identified the +5 rapier of World's End {freeze, rElec
                  | rC+++ Int-4 Dex-3} (You bought it in a shop on level 2 of
                  | the Elven Halls)
 67990 | Elf:2    | Bought a scroll of blinking for 202 gold pieces
 67990 | Elf:2    | Bought a wand of iceblast (6) for 108 gold pieces
 68071 | Elf:2    | Found a large runed translucent door.
 68071 | Elf:2    | Found a large runed translucent door.
 68246 | Elf:2    | Found a large runed translucent door.
 68246 | Elf:2    | Found a large runed translucent door.
 68349 | Elf:2    | Reached XP level 20. HP: 79/87 MP: 0/36
 68709 | Elf:3    | Entered Level 3 of the Elven Halls
 68819 | Orc:1    | Bought an encrusted cloak for 247 gold pieces
 68819 | Orc:1    | Identified the +0 cloak "Byvveit" {rC+ rN++} (You bought it
                  | in a shop on level 1 of the Orcish Mines)
 69200 | Elf:3    | Found Kijetaczud's Jewellery Shop.
 70714 | Elf:3    | Identified the +6 rapier of the Extremes {freeze, *Corrode
                  | rPois Dex+2}
 70714 | Elf:3    | Identified the ring "Dihyempe" {rN++ Dex+8 Slay+4}
 70799 | Elf:3    | Identified the ring "Cagg" {rPois SInv}
 71393 | Elf:3    | Reached skill level 10 in Slings
 71696 | Elf:3    | Identified the +1 chain mail "Bakucat" {rPois}
 71719 | Elf:3    | Identified the +1 scale mail "Qeegod" {Stlth+}
 71726 | Elf:3    | Learned a level 3 spell: Stone Arrow
 71823 | Elf:3    | Identified the +1 robe of Caifojei {Int+2}
 71846 | Elf:3    | Identified the +8 hand crossbow of Amecrie {freeze, rC+
                  | rCorr}
 71856 | Elf:3    | Learned a level 3 spell: Ignite Poison
 71862 | Elf:3    | Learned a level 5 spell: Irradiate
 72062 | Elf:3    | Acquired a +3 rapier of draining
 72415 | D:13     | Killed Jorgrun
 72904 | Vaults:1 | Entered Level 1 of the Vaults
 72993 | Vaults:1 | Reached skill level 1 in Transmutations
 72997 | Vaults:1 | Reached skill level 1 in Fire Magic
 73388 | Vaults:1 | Reached skill level 5 in Poison Magic
 73401 | Vaults:1 | Reached XP level 21. HP: 91/94 MP: 37/37
 74632 | Vaults:1 | Found Zurph's Antique Armour Emporium.
 75385 | Vaults:1 | Found a runed translucent gate.
 75391 | Vaults:1 | Noticed Wimurch's ghost (veteran GnFi)
 75392 | Vaults:1 | Found a runed translucent gate.
 75392 | Vaults:1 | Found a runed translucent gate.
 75823 | Vaults:1 | Killed Wimurch's ghost
 75830 | Vaults:1 | Identified the +1 pair of gloves of the Tanner {rF++ Str+3}
 76190 | Vaults:2 | Noticed Saint Roka
 76200 | Vaults:2 | Killed Saint Roka
 76205 | Vaults:2 | Reached skill level 10 in Fighting
 76207 | Vaults:2 | Reached skill level 10 in Short Blades
 77572 | Vaults:2 | Reached skill level 5 in Fire Magic
 77584 | Vaults:2 | Reached skill level 5 in Transmutations
 77659 | Vaults:3 | Reached XP level 22. HP: 100/100 MP: 38/38
 78171 | Vaults:3 | Identified the +4 halberd "Haofinux" {antimagic, Will++
                  | Str-2 Dex+4}
 79351 | Vaults:3 | Found a staircase to the Crypt.
 79478 | Vaults:4 | Noticed Mennas
 79494 | Vaults:4 | Killed Mennas
 80139 | Vaults:4 | Found Ulakh's Armour Emporium.
 80429 | Vaults:4 | Reached XP level 23. HP: 97/106 MP: 39/39
 82629 | Shoals:2 | Killed Fatomn Gasoa's ghost
 83137 | Elf:2    | Reached skill level 12 in Spellcasting
 84564 | Vaults:5 | Entered Level 5 of the Vaults
 84564 | Vaults:5 | Noticed an ancient lich
 84566 | Vaults:5 | Noticed an ancient lich
 85332 | Vaults:4 | Killed an ancient lich
 86471 | Vaults:1 | Bought a transparent chain mail for 389 gold pieces
 86471 | Vaults:1 | Identified the +2 chain mail of the Undertaker {Will+
                  | Str+4} (You bought it in a shop on level 1 of the Vaults)
 86471 | Vaults:1 | Bought an ancient ring mail for 369 gold pieces
 86471 | Vaults:1 | Identified the +0 ring mail "Dunnaofu" {Int+4 Slay+3} (You
                  | bought it in a shop on level 1 of the Vaults)
 86720 | Shoals:1 | Bought 2 potions of invisibility for 592 gold pieces
 88036 | Vaults:5 | Reached XP level 24. HP: 92/111 MP: 35/40
 88565 | Vaults:5 | Identified the +4 kite shield "Hus Ogir" {Regen+ rCorr
                  | Str+5 Dex-3}
 88920 | Vaults:5 | Identified the +9 scimitar "With Two Names" {vorpal, rF+}
 88920 | Vaults:5 | Identified the amulet of Imneavve {Spirit SInv}
 88924 | Vaults:5 | Noticed a dread lich
 88948 | Vaults:5 | Killed a dread lich
 89002 | Vaults:5 | Reached skill level 13 in Spellcasting
 89317 | Vaults:5 | Identified the amulet of Utap {Acrobat rC- rCorr Int+2
                  | Stlth+}
 89564 | Vaults:5 | Killed an ancient lich
 90646 | Vaults:5 | Got a silver rune of Zot
 90994 | Depths:1 | Entered Level 1 of the Depths
 91251 | Depths:1 | Found a white marble altar of Elyvilon.
 91502 | Depths:1 | Learned a level 5 spell: Yara's Violent Unravelling
 91539 | Depths:1 | Reached XP level 25. HP: 110/117 MP: 41/41
 91552 | Depths:1 | Reached skill level 15 in Dodging
 91851 | Depths:1 | Noticed Asterion
 91867 | Depths:1 | Killed Asterion
 92306 | Depths:1 | Found a gateway to Hell.
 92471 | Depths:1 | Reached skill level 14 in Spellcasting
 92771 | Depths:2 | Found a gateway to a ziggurat.
 92983 | Depths:2 | Identified the +8 chain mail of Polish {rN+ Slay+2 SInv}
 94450 | Depths:3 | Found a one-way gate leading to the halls of Pandemonium.
 94596 | Depths:3 | Reached skill level 10 in Transmutations
 94746 | Depths:3 | Paralysed by a floating eye for 4 turns
 95031 | Depths:3 | Reached XP level 26. HP: 119/123 MP: 42/42
 96750 | Depths:4 | Reached skill level 15 in Spellcasting
 97173 | Depths:4 | Found a stormy altar of Qazlal.
 97992 | Depths:5 | Entered Level 5 of the Depths
 98274 | Depths:5 | Noticed Frederick
 98281 | Depths:5 | Killed Frederick
 98282 | Depths:5 | Reached skill level 15 in Slings
 98282 | Depths:5 | Reached skill level 10 in Hexes
 98723 | Depths:5 | Noticed a juggernaut
 98736 | Depths:5 | Killed a juggernaut
100425 | Depths:5 | Found a gate to the Realm of Zot.
101007 | Crypt:1  | Entered Level 1 of the Crypt
101051 | Crypt:1  | Reached XP level 27. HP: 129/129 MP: 43/43
101298 | Crypt:1  | Identified the +8 quarterstaff "Imunt" {freeze, Int+2}
101671 | Crypt:1  | Noticed Sojobo
101692 | Crypt:1  | HP: 1/129 [Sojobo/bolt of lightning (17)]
101712 | Crypt:1  | Killed Sojobo
102192 | Crypt:2  | Found a huge runed gate.
102192 | Crypt:2  | Found a huge runed gate.
102194 | Crypt:2  | Found a huge runed gate.
102195 | Crypt:2  | Found a huge runed gate.
102196 | Crypt:2  | Found a huge runed gate.
102197 | Crypt:2  | Found a huge runed gate.
102226 | Crypt:2  | Found a huge runed gate.
102348 | Crypt:2  | Reached skill level 15 in Fighting
102485 | Crypt:2  | Found a huge runed gate.
102485 | Crypt:2  | Found a huge runed gate.
102488 | Crypt:2  | Found a huge runed gate.
102495 | Crypt:2  | Noticed Boris
102502 | Crypt:2  | Found a huge runed gate.
102503 | Crypt:2  | Found a huge runed gate.
102504 | Crypt:2  | Found a huge runed gate.
102523 | Crypt:2  | Killed Boris
102678 | Crypt:1  | Found an ancient bone altar of Kikubaaqudgha.
102718 | Crypt:2  | Found the +3 sling "Punk" {acid, rCorr}
102736 | Crypt:2  | Reached skill level 16 in Spellcasting
103005 | Crypt:3  | Entered Level 3 of the Crypt
103128 | Crypt:3  | Identified the +1 pair of gloves of the Countless Quests
                  | {-Cast +Blink rN+}
103141 | Crypt:3  | Noticed Jory
103153 | Crypt:3  | Killed Jory
103166 | Crypt:3  | Noticed Xtahua
103180 | Crypt:3  | Killed Xtahua
103189 | Crypt:3  | Noticed Mara
103194 | Crypt:3  | Noticed Zonian's illusion
103225 | Crypt:3  | Noticed Zonian's illusion
103246 | Crypt:3  | Killed Mara
104115 | Crypt:3  | Learned a level 6 spell: Freezing Cloud
104455 | Crypt:3  | Reached skill level 1 in Ice Magic
104600 | Crypt:3  | Found a staircase to the Tomb.
104787 | Crypt:3  | Found a runed translucent door.
104787 | Crypt:3  | Found a shimmering altar of Xom.
104788 | Crypt:3  | Noticed Houmnergh's ghost (master GnTm)
104976 | Crypt:3  | Upgraded the game from 0.27-a0-1140-g099f9bb0e8 to
                  | 0.27-a0-1144-g0b7d3b79db
105358 | Slime:1  | Entered Level 1 of the Pits of Slime
105368 | Slime:1  | Reached skill level 5 in Air Magic
106195 | Slime:3  | Gained mutation: You are weak. (Str -2) [a shining eye]
106718 | Slime:5  | Entered Level 5 of the Pits of Slime
107753 | Slime:5  | Noticed the Royal Jelly
107768 | Slime:5  | Killed the Royal Jelly
108713 | Slime:5  | Got a slimy rune of Zot
108717 | Slime:5  | Identified Wiruwk's Catalogue of Glacial Stones
108730 | Slime:5  | Learned a level 6 spell: Iron Shot
108765 | Slime:5  | Identified Suinovio's Reference Book on the Mutagenic Rocks
108779 | Slime:5  | Identified the +7 spear of the Omega Point {vorpal, Str+7}
108781 | Slime:5  | Identified the +2 quick blade "Beutuofo" {freeze, Dex+4}
108782 | Slime:5  | Identified the +0 robe of Depression {Contam rPois rF+++
                  | Str-5}
108818 | Slime:5  | Identified the +4 chain mail "Libey" {rPois Dex+4}
108824 | Slime:5  | Identified the ring of Recklessness {rN+++ MP+9 Str+3 SInv
                  | Stlth-}
110396 | Zot:1    | Entered Level 1 of the Realm of Zot
110452 | Zot:1    | Reached skill level 1 in Earth Magic
110871 | Zot:1    | Reached skill level 5 in Ice Magic
110883 | Zot:1    | Reached skill level 17 in Spellcasting
113858 | Zot:3    | Reached skill level 5 in Earth Magic
115612 | Zot:3    | Noticed an orb of fire
115631 | Zot:3    | Killed an orb of fire
116325 | Zot:4    | Noticed an orb of fire
116534 | Zot:4    | Noticed a dread lich
116714 | Zot:4    | Found a transporter.
116715 | Zot:4    | Found a shimmering blue altar of Sif Muna.
116869 | Zot:4    | Reached skill level 1 in Long Blades
117228 | Zot:4    | Reached skill level 18 in Spellcasting
117552 | Zot:4    | Reached skill level 10 in Air Magic
117761 | Zot:4    | Found a runed translucent gate.
117761 | Zot:4    | Found a runed translucent gate.
117761 | Zot:4    | Found a runed translucent gate.
117763 | Zot:4    | Noticed reriks's ghost (legendary OpFE)
118249 | Zot:4    | Upgraded the game from 0.27-a0-1144-g0b7d3b79db to
                  | 0.27-a0-1149-g4505690ab0
118475 | Hell     | Entered the Vestibule of Hell
118475 | Hell     | Noticed Geryon
118951 | Hell     | Gained mutation: You are dopey. (Int -2) [a cacodemon]
120568 | Hell     | Killed Geryon
120735 | Hell     | Found a gateway to the freezing wastes of Cocytus.
120819 | Hell     | Found a gateway to the ashen valley of Gehenna.
120878 | Hell     | Found a gateway to the Iron City of Dis.
120920 | Hell     | Found a gateway to the decaying netherworld of Tartarus.
121239 | Geh:1    | Entered Level 1 of Gehenna
121330 | Geh:1    | Reached skill level 15 in Conjurations
121495 | Geh:2    | Reached skill level 10 in Ice Magic
121500 | Geh:2    | Reached skill level 5 in Long Blades
122444 | Geh:4    | Reached skill level 10 in Earth Magic
123164 | Geh:6    | Upgraded the game from 0.27-a0-1149-g4505690ab0 to
                  | 0.27-a0-1154-gfdeffcb720
123165 | Geh:7    | Entered Level 7 of Gehenna
123636 | Geh:7    | Identified the ring "Tenaul" {rN+ rCorr}
123815 | Geh:7    | Learned a level 3 spell: Frozen Ramparts
123838 | Geh:7    | Found the +7 sceptre of Asmodeus
123838 | Geh:7    | Noticed Asmodeus
123853 | Geh:7    | Killed Asmodeus
123907 | Geh:7    | Got an obsidian rune of Zot
123946 | Geh:7    | Identified the +9 battleaxe of Laok {pain, rC+ Str+2}
125787 | Vaults:4 | Reached skill level 10 in Long Blades
126580 | Coc:1    | Entered Level 1 of Cocytus
126714 | Coc:1    | Reached skill level 1 in Armour
128362 | Coc:6    | Reached skill level 5 in Armour
128552 | Coc:7    | Entered Level 7 of Cocytus
129195 | Coc:7    | Noticed Antaeus
129201 | Coc:7    | HP: 2/134 [Antaeus/flash freeze (20)]
129550 | Coc:7    | Killed Antaeus
129787 | Coc:7    | Got an icy rune of Zot
129796 | Coc:7    | Identified the amulet of Moyqumn {Regen+ rCorr}
130146 | Dis:1    | Entered Level 1 of the Iron City of Dis
131720 | Dis:2    | Killed from afar by a Hell Sentinel

Illustrated notes

Levels and vault maps discovered:
D:1:      dpeg_arrival_caged_fury, layout_basic,
          hellmonk_ecumenical_altar_lost_god, minmay_rat_gold_closets
D:2:      layout_loops_ring, guppyfry_early_lair_pool, uniq_crazy_yiuf_cottage
D:3:      layout_basic, serial_bayou_pond_a
D:4:      old_forge, layout_rooms, amcnicky_altar_gilded, lemuel_tele_altar,
          kennysheep_generic_room_12, uniq_grinder, uniq_menkaure, uniq_duvessa
D:5:      layout_loops_ring, grunt_temple_overflow_diamond
D:6:      wad_woods_tower, layout_gridville, zin_statuary, uniq_maggie
D:7:      layout_basic, grunt_dithmenos_smoke_and_mirrors, temple_pool_b
D:8:      layout_basic, serial_shops, nicolae_shop_window_shopping, shop
D:9:      layout_rooms, due_lair_maze_entry_diamond, serial_shops, shop,
          amcnicky_mini_corridor_feature, minmay_tree_intersection
D:10:     layout_gridville, nicolae_tso_carved_into_rock, chequers_avenue
D:11:     layout_basic, gauntlet_entry_generic, grunt_ministairs_11
D:12:     layout_basic, david_orc_1_choice, hangedman_weighted_door
D:13:     layout_grid_maze, david_vaults_2, enter_bailey_5, uniq_jorgrun,
          uniq_sonja
D:14:     layout_basic, palyth_stone_intersect, uniq_azrael
D:15:     hangedman_depths_entry_try_elsewhere_first, layout_rooms,
          cheibrodos_ashenzari_chains, serial_undead, serial_undead_a,
          serial_undead_a, serial_undead_f, serial_undead_c, uniq_kirke
Lair:1:   layout_cave_pods, columned_hall_lemuel, minmay_lair_oklob_items,
          minivault_11, st_stairs_9
Lair:2:   layout_long_grid, basic_altar, nicolae_quartered_pool_super,
          nzn_random_ring, uniq_nergalle
Lair:3:   regret_index_bee_streams, layout_chaotic_city,
          hangedman_lair_unloving_vines, kennysheep_rathole
Lair:4:   layout_roguey [special_room_bee], elwin_shoals_entry_stream,
          spider_nest_entry_web_field, serial_bayou_shore_a, grunt_megastairs_3
Lair:5:   layout_gridlike, patterned_corridor
Lair:6:   hangedman_lair_in_review, layout_concentric_octagons, slime_altar_1,
          uniq_urug, uniq_rupert
Shoals:1: layout_shoals, serial_shops, nicolae_shop_overgrown_old_shop
Shoals:2: nzn_motion_control, layout_shoals, ebering_ghost_rock_garden,
          nicolae_shoals_this_corrosion
Shoals:3: layout_shoals, serial_shops, shop_fountains
Shoals:4: shoals_end_simple, layout_shoals
Spider:1: layout_spider_delve
Spider:2: layout_spider_delve
Spider:3: layout_spider_delve, uniq_louise, uniq_aizul
Spider:4: spider_rune_water, nicolae_spider_webs_and_nodes, drop_trap
Slime:1:  layout_caves
Slime:2:  layout_caves
Slime:3:  layout_caves, cheibrodos_slime_lost_civilization_5
Slime:4:  layout_caves
Slime:5
Orc:1:    layout_caves, serial_shops, nicolae_shop_statue_plus
Orc:2:    st_orc_open, layout_caves, serial_shops, shop_scrolls, mines1_david
Elf:1:    layout_rooms, minmay_elf_demonology, grunt_ministairs_8, uniq_roxanne
Elf:2:    layout_geoelf_grid, portal_desolation_entry_twin_temple, serial_shops,
          nicolae_shop_overgrown_old_shop
Elf:3:    minmay_elf_hall_hex, layout_geoelf_diagonals, serial_shops,
          nicolae_shop_crystal, drop_trap
Vaults:1: gammafunk_vaults_ghost_spectres, nicolae_vaults_big_angled_halls,
          vaults_room_large_hall, vaults_room_octagon,
          nicolae_vaults_mini_display_case, hangedman_vaults_maws, serial_ice_b,
          vaults_room_grunt_arrival_ludios, vaults_room_semicircle, v_misc_28,
          nicolae_vaults_ring_of_whatevers, layout_vaults_omnigrid,
          serial_glass, serial_shops, nicolae_shop_crystal
Vaults:2: nicolae_vaults_little_ls, v_misc_8, vaults_mumra_chevron_long,
          hangedman_vaults_stagger, v_misc_13, v_misc_1,
          hangedman_vaults_variations, vaults_standard_mumra_lines,
          vaults_room_hallway, ontoclasm_vaults_chip, v_misc_9,
          layout_vaults_omnibox, uniq_saint_roka
Vaults:3: nicolae_vaults_know_your_exits, vaults_mumra_minichess, v_rooms_1,
          minmay_crypt_entry_nasty_monster, vaults_mumra_minichess_inversion,
          vaults_mumra_hexcomb, grunt_vaults_funnel, grunt_vaults_trifunnel,
          vaults_room_grid, grunt_vaults_hallway_short,
          nicolae_vaults_shelves_hall, vaults_dpeg_encased_lava,
          grunt_vaults_hallway_short, layout_vaults_ring
Vaults:4: ontoclasm_vaults_chip, nicolae_vaults_big_angled_halls,
          dpeg_vaults_monster_box, v_pattern_2, v_misc_10,
          nicolae_vaults_network_star, v_misc_13, hangedman_vaults_stream,
          v_misc_8, nicolae_vaults_quartermaster,
          nicolae_vaults_little_squares_5, nicolae_vaults_little_squares_3,
          layout_vaults_chaotic_city, serial_shops, shop_fountains,
          uniq_margery, uniq_mennas
Vaults:5: serial_shops
Crypt:1:  layout_gridlike, grunt_ministairs_14, nicolae_crypt_niches,
          grunt_crypt_arrival_webbed, grunt_megastairs_5, lemuel_upstairs_altar,
          uniq_sojobo
Crypt:2:  layout_rooms, not_door_vault_due, uniq_boris
Crypt:3:  due_elkab, layout_chaotic_city, nicolae_tomb_entry_rubble_hallway,
          ebering_ghost_xom, st_stairs_11, uniq_xtahua, uniq_jory, uniq_mara
Depths:1: evilmike_pillar_path, layout_gridlike, grunt_hell_entry_dis_old,
          hangedman_decor_slide_cut, minmay_misc_feat_ornament, st_stairs_13,
          minmay_parallelograms, kennysheep_flooded_box, elyvilon_altar_1,
          uniq_asterion
Depths:2: minmay_chopped_fan, layout_gridlike, enter_ziggurat_b,
          hangedman_abyss_or_decor_jellyfish_corner, hell_entry, minmay_orc_keep
Depths:3: minmay_bubble_buster, layout_gridlike, hellmouth_3,
          nicolae_two_hexagons, pan_entry, minmay_staircase_statues,
          kennysheep_random_hallway, serial_bayou_shore_b
Depths:4: hangedman_elemental_death_ray, layout_long_grid,
          nicolae_qazlal_style_of_elements, marbit_kobold_abyss_entry,
          hell_entry, infiniplex_staircase_x
Depths:5: grunt_zot_entry_hairpin, layout_basic, hell_entry,
          minmay_misc_feat_iff, minivault_16, grunt_megastairs_4,
          serial_bayou_shore_b, serial_bayou_shore_b, uniq_frederick
Hell
Dis:1:    layout_chaotic_city
Dis:2:    layout_regular_city, door_vault
Geh:1:    layout_gehenna_pools_box
Geh:2:    layout_gehenna_lava_caves, lemuel_elevator
Geh:3:    layout_gehenna_lava_caves
Geh:4:    layout_gehenna_lava_caves
Geh:5:    layout_gehenna_lava_caves
Geh:6:    layout_gehenna_pools_box, door_vault
Geh:7:    geh_grunt_pentagon
Coc:1:    layout_ice_bergs
Coc:2:    layout_cocytus_water_paths
Coc:3:    layout_ice_bergs
Coc:4:    layout_cocytus_water_paths
Coc:5:    grunt_deathspiral_small, layout_ice_bergs
Coc:6:    layout_ice_bergs
Coc:7:    coc_old
Zot:1:    layout_cellular_growth
Zot:2:    layout_gridville
Zot:3:    layout_gridlike
Zot:4:    gammafunk_sealed_library, layout_twisted_circle,
          gammafunk_ghost_necromancy, st_small_dragon_hoard_1

Skill      XL: |  1  2  3  4  5  6  7  8  9 10 11 12 13 14 15 16 17 18 19 20 21 22 23 24 25 26 27 |
---------------+----------------------------------------------------------------------------------+-----
Conjurations   | 5 6 7 8 9 10 11 12 16 | 16.2
Spellcasting   | 3 4 5 6 7 8 9 10 11 12 13 14 15 18 | 18.2
Stealth        | 3 4 5 6 7 8 9 11 12 13 14 15 16 | 16.6
Dodging        | 2 3 4 5 6 7 8 9 10 11 12 13 14 15 16 17 | 17.3
Evocations     | 1 2 3 5 6 7 8 9 10 | 10.5
Translocations | 2 3 4 5 6 8 9 10 11 | 11.0
Invocations    | 2 4 5 7 8 9 10 11 12 | 12.1
Hexes          | 2 4 6 8 10 12 | 12.0
Staves         | 1 |  1.6
Slings         | 2 4 5 7 8 10 11 12 13 14 15 16 | 16.0
Poison Magic   | 2 4 5 6 8 |  8.5
Air Magic      | 2 4 14 | 14.5
Fighting       | 3 5 7 9 10 11 13 14 17 | 17.1
Short Blades   | 3 5 7 9 10 11 12 | 12.0
Transmutations | 1 5 7 8 10 11 12 | 12.9
Fire Magic     | 1 5 7 |  7.1
Ice Magic      | 13 | 13.8
Earth Magic    | 13 | 13.1
Long Blades    | 13 | 13.9
Armour         | 9 |  9.2

Action                   |  1- 3 |  4- 6 |  7- 9 | 10-12 | 13-15 | 16-18 | 19-21 | 22-24 | 25-27 || total
-------------------------+-------+-------+-------+-------+-------+-------+-------+-------+-------++-------
Melee: Short sword       |    11 |     2 |    33 |    76 |   243 |   478 |   232 |     4 |       ||  1079
       Bite              |     2 |       |     4 |    20 |    79 |   143 |   171 |   373 |  1892 ||  2684
       Staff             |       |       |       |    16 |    59 |       |     3 |     5 |   152 ||   235
       Rapier            |       |       |       |       |       |       |   314 |   899 |   598 ||  1811
       Double sword      |       |       |       |       |       |       |    12 |       |  1313 ||  1325
       Quick blade       |       |       |       |       |       |       |       |       |  1039 ||  1039
       Long sword        |       |       |       |       |       |       |       |       |    78 ||    78
 Fire: Hunting sling     |       |       |       |    13 |   425 |   564 |   328 |   329 |    25 ||  1684
       Fustibalus        |       |       |       |       |       |       |       |       |   698 ||   698
Throw: Dart              |       |       |       |       |     1 |       |       |       |       ||     1
       Boomerang         |       |       |       |       |       |       |     1 |     4 |       ||     5
       Throwing net      |       |       |       |       |       |       |     3 |       |       ||     3
       Javelin           |       |       |       |       |       |       |       |       |    44 ||    44
 Cast: Magic Dart        |    87 |   100 |   214 |   288 |   225 |   398 |   158 |    82 |    56 ||  1608
       Searing Ray       |       |     1 |    34 |    62 |    82 |    73 |    35 |     7 |    38 ||   332
       Iskenderun's Myst |       |       |       |    12 |    53 |    43 |    40 |    10 |    20 ||   178
       Mephitic Cloud    |       |       |       |       |     2 |     3 |     3 |     7 |    17 ||    32
       Dazzling Flash    |       |       |       |       |       |     2 |       |       |       ||     2
       Blink             |       |       |       |       |       |     6 |     2 |     2 |     5 ||    15
       Portal Projectile |       |       |       |       |       |     1 |       |       |     4 ||     5
       Irradiate         |       |       |       |       |       |       |     4 |    20 |    25 ||    49
       Ignite Poison     |       |       |       |       |       |       |     1 |     5 |     6 ||    12
       Fulminant Prism   |       |       |       |       |       |       |       |     6 |     4 ||    10
       Stone Arrow       |       |       |       |       |       |       |       |     1 |    24 ||    25
       Yara's Violent Un |       |       |       |       |       |       |       |       |     1 ||     1
       Iron Shot         |       |       |       |       |       |       |       |       |    32 ||    32
       Freezing Cloud    |       |       |       |       |       |       |       |       |    19 ||    19
Invok: Ancestor Identity |       |       |     1 |       |       |       |       |       |       ||     1
       Ancestor Life: Kn |       |       |       |     1 |       |       |       |       |       ||     1
       Recall Ancestor   |       |       |       |     1 |     2 |     2 |     4 |     6 |     9 ||    24
       Idealise          |       |       |       |       |     5 |     6 |     8 |     5 |    10 ||    34
       Transference      |       |       |       |       |       |       |       |       |     8 ||     8
Evoke: Wand              |       |     8 |     8 |     8 |    32 |    39 |    33 |    11 |     9 ||   148
       Lightning rod     |       |       |       |       |     7 |    14 |    19 |     9 |    13 ||    62
       Piece from Xom's  |       |       |       |       |       |       |     1 |     4 |     3 ||     8
       Box of beasts     |       |       |       |       |       |       |     2 |     1 |     4 ||     7
       Condenser vane    |       |       |       |       |       |       |       |       |     2 ||     2
       Tin of tremorston |       |       |       |       |       |       |       |       |     8 ||     8
       Phantom mirror    |       |       |       |       |       |       |       |       |     2 ||     2
       Sceptre of Asmode |       |       |       |       |       |       |       |       |     1 ||     1
       Horn of Geryon    |       |       |       |       |       |       |       |       |     1 ||     1
  Use: Scroll            |     7 |     4 |    12 |     6 |    17 |    12 |    17 |    14 |    23 ||   112
       Potion            |       |     1 |     1 |     1 |     5 |     3 |     9 |     5 |    10 ||    35
 Stab: Sleeping          |       |       |     1 |     1 |     5 |    16 |    36 |    29 |   100 ||   188
       Distracted        |       |       |       |       |     4 |     2 |    13 |    15 |    97 ||   131
       Invisible         |       |       |       |       |       |     1 |       |       |     7 ||     8
       Confused          |       |       |       |       |       |     1 |       |     1 |     6 ||     8
       Paralysed         |       |       |       |       |       |       |       |     1 |       ||     1
Armor: Robe              |     6 |     1 |     1 |       |       |       |       |       |       ||     8
       Leather armour    |       |       |    33 |   107 |   128 |       |       |       |       ||   268
       Swamp dragon scal |       |       |       |       |   139 |   347 |   218 |   285 |   512 ||  1501
       Ice dragon scales |       |       |       |       |       |       |       |       |   306 ||   306
Dodge: Dodged            |    17 |     8 |    67 |   182 |   497 |   684 |   519 |   656 |  2780 ||  5410
Block: Other             |       |       |       |       |       |       |   109 |   175 |   500 ||   784
       Reflection        |       |       |       |       |       |       |     5 |    12 |     2 ||    19
       Rpst.: Double sword |       |       |       |       |       |       |     2 |       |   288 ||   290
       Long sword        |       |       |       |       |       |       |       |       |    11 ||    11

Table legend: (Time is in decaauts)
 A = Elapsed time spent in this place.
 B = Non-inter-level travel time spent in this place.
 C = Inter-level travel time spent in this place.
 D = Time resting spent in this place.
 E = Time spent auto-exploring this place.
 F = Levels seen in this place.
 G = Mean time per level.
                   A        B        C        D        E       F      G
               +--------+--------+--------+--------+--------+-----+--------+
         Total | 130137 | 119206 |  10931 |  59046 |  32828 |  74 | 1758.6 |
       Dungeon |  29949 |  25748 |   4201 |  12550 |   9495 |  15 | 1996.6 |
          Lair |  20199 |  18786 |   1413 |  11999 |   4537 |   6 | 3366.5 |
        Shoals |   6554 |   6075 |    479 |   3111 |    805 |   4 | 1638.5 |
   Spider Nest |   8648 |   8402 |    246 |   5108 |   1957 |   4 | 2162.0 |
    Slime Pits |   4435 |   4435 |      0 |   2871 |    332 |   5 |  887.0 |
  Orcish Mines |   3490 |   2977 |    513 |   1749 |    856 |   2 | 1745.0 |
   Elven Halls |   8069 |   7523 |    546 |   3335 |   1169 |   3 | 2689.7 |
        Vaults |  16092 |  14346 |   1746 |   6764 |   4445 |   5 | 3218.4 |
         Crypt |   3676 |   3552 |    124 |    846 |   1698 |   3 | 1225.3 |
        Depths |  11688 |  10378 |   1310 |   4661 |   4107 |   5 | 2337.6 |
          Hell |   1129 |   1076 |     53 |    635 |      0 |   1 | 1129.0 |
           Dis |    960 |    894 |     66 |     37 |    481 |   2 |  480.0 |
       Gehenna |   2975 |   2975 |      0 |    708 |    220 |   7 |  425.0 |
       Cocytus |   3482 |   3482 |      0 |    420 |      0 |   7 |  497.4 |
           Zot |   7871 |   7643 |    228 |   3656 |   2698 |   4 | 1967.8 |
        Bailey |    913 |    913 |      0 |    589 |     27 |   1 |  913.0 |
               +--------+--------+--------+--------+--------+-----+--------+

Top non-repeatable levels by time:
Vaults:4: 5052 daAuts
Spider:4: 4661 daAuts
  Lair:2: 4409 daAuts
Depths:5: 4131 daAuts
  Lair:6: 4057 daAuts
Vaults:1: 3507 daAuts
Vaults:5: 3321 daAuts
  Lair:3: 3297 daAuts
   Elf:3: 3260 daAuts
  Lair:4: 3150 daAuts
  Lair:5: 3023 daAuts
 Slime:5: 2808 daAuts
   Zot:3: 2788 daAuts
     D:4: 2733 daAuts
   Elf:2: 2639 daAuts
